 Dungeon Crawl Stone Soup version 0.25.1-9-gc5326a611f (webtiles) character file.

Game seed: 9093183096768750132

55 funkygono the Skirmisher (level 3, 0/29 HPs)
             Began as a Demonspawn Abyssal Knight on Dec 31, 2020.
             Was a Follower of Lugonu.
             Succumbed to an adder's poison
             ... on level 2 of the Dungeon.
             The game lasted 00:02:26 (1421 turns).

funkygono the Skirmisher (DsAK)                     Turns: 1421, Time: 00:02:27

Health: 0/29       AC:  4    Str: 13    XL:     3   Next: 67%
Magic:  4/4        EV: 11    Int: 13    God:    Lugonu [*.....]
Gold:   117        SH:  0    Dex: 12    Spells: 2/2 levels left

rFire    . . .     SeeInvis .   a - +1 mace
rCold    . . .     Gourm    .   (no shield)
rNeg     . . .     Faith    .   b - +0 leather armour
rPois    .         Spirit   .   (no helmet)
rElec    .         Reflect  .   j - +0 cloak
rCorr    .         Harm     .   (no gloves)
MR       .....                  (no boots)
Stlth    +.........             d - amulet of regeneration
HPRegen  0.49/turn              (no ring)
MPRegen  0.09/turn              (no ring)

@: lethally poisoned (0 -> -3)
A: talons 1
a: Depart the Abyss, Renounce Religion


You were on level 2 of the Dungeon.
You worshipped Lugonu.
Lugonu was aware of your devotion.
You were not hungry.

You visited 1 branch of the dungeon, and saw 2 of its levels.
You visited the Abyss 1 time.

You collected 117 gold pieces.

Inventory:

Hand Weapons
 a - a +1 mace (weapon)
Missiles
 l - 26 stones (quivered)
Armour
 b - a +0 leather armour (worn)
 j - a +0 cloak (worn)
Jewellery
 d - an amulet of regeneration (around neck)
Scrolls
 g - a scroll of immolation {unknown}
 h - a scroll of fog
 k - a scroll of magic mapping
Potions
 e - a potion of berserk rage {unknown}
 i - 3 potions of brilliance {unknown}
Comestibles
 c - 4 rations
 f - 3 chunks of flesh


   Skills:
 + Level 3.4 Fighting
 + Level 2.7 Maces & Flails
 + Level 2.4 Armour
 + Level 1.0 Dodging
 + Level 0.1 Stealth
 + Level 2.4 Invocations


You had 2 spell levels left.
You didn't know any spells.
Your spell library was empty.

Dungeon Overview and Level Annotations

Branches:
Dungeon (2/15)

Altars:
Sif Muna


Innate Abilities, Weirdness & Mutations

You have sharp toenails.


Message History

The kobold hits you but does no damage. The adder bites you.
* * * LOW HITPOINT WARNING * * *
You are more poisoned.
The adder poisons you!
You hit the adder.
You kill the adder!
Lugonu accepts your kill.
Your Dodging skill increases to level 1!
* * * LOW HITPOINT WARNING * * *
You feel sick. The kobold hits you with a +0 whip.
* * * LOW HITPOINT WARNING * * *
The kobold barely misses you.
* * * LOW HITPOINT WARNING * * *
You feel sick.
You hit the kobold.
You kill the kobold!
Lugonu accepts your kill.
* * * LOW HITPOINT WARNING * * *
You feel sick.
You die...

......##........#.....# #..
......##........#.##############.
.......##.........###............
..####+##.###.....#_'............
..###......##.....###...........#
...........##.....###############
...........##..(...........#
...........##..............#
#...............@..........#
###........................#
#.....................####
........>..รท...........#
..........###...........#
..........# #.......)...#
............................
#........................ ..
.....................


There were no monsters in sight!

Vanquished Creatures
  2 adders (D:2)
  2 dart slugs (D:1)
  3 bats
  A giant cockroach (D:2)
  7 goblins
  3 hobgoblins
  4 jackals (D:2)
  A ball python (D:1)
  3 frilled lizards (D:1)
  2 kobolds (D:2)
  5 rats
33 creatures vanquished.

Notes
Turn   | Place    | Note
-------+----------+-------------------------------------------
     0 | Abyss:1  | funkygono the Demonspawn Abyssal Knight began the quest for
                  | the Orb.
     0 | Abyss:1  | Reached XP level 1. HP: 18/18 MP: 2/2
    52 | Abyss:1  | Found a sparkling altar of Nemelex Xobeh.
    95 | D:1      | Escaped the Abyss
   307 | D:1      | Noticed a redback
   307 | D:1      | Noticed a black bear
   307 | D:1      | Noticed a lindwurm
   308 | D:1      | Noticed a hog
   308 | D:1      | Noticed a black mamba
   448 | D:1      | Gained mutation: You have sharp toenails. [demonic
                  | ancestry]
   448 | D:1      | Reached XP level 2. HP: 24/24 MP: 3/3
   523 | D:1      | Reached * piety under Lugonu
  1148 | D:2      | Reached XP level 3. HP: 21/29 MP: 4/4
  1331 | D:2      | Found a shimmering blue altar of Sif Muna.
  1418 | D:2      | Reached skill level 1 in Dodging
  1419 | D:2      | HP: 1/29 [poisoned by an adder]
  1421 | D:2      | Succumbed to an adder's poison

Illustrated notes

Levels and vault maps discovered:
D:1:      onia_arrival_zoo_common, layout_basic
D:2:      layout_basic, gammafunk_temple_overflow_forgotten,
          lemuel_blue_sif_altar, dk_xom_monty_hall, uniq_crazy_yiuf_cottage

Skill      XL: |  1  2  3 |
---------------+----------+-----
Maces & Flails | 2 |  2.7
Armour         | 2 |  2.4
Dodging        | 1 |  1.0
Fighting       | |  3.4
Stealth        | |  0.1
Invocations    | |  2.4

Action                   || total
-------------------------++-------
Melee: Mace              ||    87
       Kick              ||    12
Invok: Depart the Abyss  ||     1
  Use: Scroll            ||     4
  Eat: Chunk             ||     2
Armor: Leather armour    ||    22
Dodge: Dodged            ||    68
